 Dungeon Crawl Stone Soup version 0.21.1-1-g345015f (console) character file.

88907 Homage the Unseen (level 15, -10/69 HPs)
             Began as a Spriggan Enchanter on Mar 7, 2018.
             Was the Champion of Okawaru.
             Mangled by a jumping spider (13 damage)
             ... on level 1 of the Spider Nest.
             The game lasted 02:41:46 (38532 turns).

Homage the Unseen (Spriggan Enchanter)             Turns: 38532, Time: 02:41:46

Health: -10/69     AC: 14    Str:  6 (7)  XL:     15   Next: 47%
Magic:  32/32      EV: 30    Int: 19 (23) God:    Okawaru [******]
Gold:   919        SH: 14    Dex: 22 (25) Spells: 18/38 levels left

rFire    + + .     SeeInvis +   a - +3 dagger (chaos)
rCold    . . .     Gourm    .   R - +2 buckler {rPois}
rNeg     . . .     Faith    .   w - +2 acid dragon scales
rPois    +         Spirit   .   L - +0 hat {Int+3}
rElec    .         Reflect  +   i - +2 cloak
rCorr    +         Harm     .   (gloves unavailable)
MR       ++...                  (boots unavailable)
Stlth    +++++++...             I - +3 amulet of reflection
HPRegen  0.21/turn              p - +4 ring of dexterity
MPRegen  0.23/turn              o - ring of protection from fire

@: very slightly contaminated, very quick
A: very small, unfitting armour, hooves 1, molten scales 1, thin skeletal
structure 1, see invisible, deterioration 1, fire resistance 1, herbivore, speed
3, slow metabolism 2, strong 1, evolution 1, sturdy frame 1
a: Heroism, Finesse, Renounce Religion


You were on level 1 of the Spider Nest.
You worshipped Okawaru.
Okawaru was exalted by your worship.
You were not hungry.

You visited 7 branches of the dungeon, and saw 26 of its levels.
You also visited: Ossuary and Volcano.

You collected 1615 gold pieces.
You spent 696 gold pieces at shops.


Innate Abilities, Weirdness & Mutations

You are very small and have problems with some larger weapons.
You are too small for most types of armour.
You have supernaturally acute eyesight. (SInv)
You are a herbivore.
You cover ground extremely quickly.
You need consume almost no food.
You have large cloven feet.
You are partially covered in molten scales. (AC +2)
You have a somewhat thin skeletal structure. (Dex +2, Stealth)
Your body sometimes deteriorates upon taking damage.
Your flesh is heat resistant. (rF+)
Your muscles are strong. (Str +2)
You evolve.
Your movements are slightly less encumbered by armour. (ER -2)


   Skills:
 + Level 3.7 Fighting
 - Level 10.1 Short Blades
 - Level 14.0 Slings
 - Level 6.0 Armour
 - Level 14.0 Dodging
 - Level 16.0 Stealth
 - Level 7.2 Shields
 - Level 12.0 Spellcasting
 - Level 11.2 Hexes
 - Level 2.4 Ice Magic
 - Level 2.0 Air Magic


You had 18 spell levels left.
You knew the following spells:

 Your Spells              Type           Power        Failure   Level  Hunger
a - Confuse               Hex            ######..     1%          3    None
b - Vampiric Draining     Necr           ##........   22%         3    None
c - Regeneration          Chrm/Necr      ##........   22%         3    None
e - Ensorcelled Hibernat  Hex/Ice        #####.       1%          2    None
X - Silence               Hex/Air        #####.....   14%         5    ####...
Z - Cause Fear            Hex            ######....   1%          4    ##.....

Inventory:

Hand Weapons
 a - a +3 dagger of chaos (weapon)
 b - a +3 fustibalus of flaming
 y - a +3 scimitar of flaming
Missiles
 c - 215 sling bullets
Armour
 i - a +2 cloak (worn)
 w - +2 acid dragon scales (worn)
 L - a +0 hat of intelligence (worn)
 R - a +2 buckler of poison resistance (worn)
Jewellery
 o - a ring of protection from fire (right hand)
 p - a +4 ring of dexterity (left hand)
 r - an uncursed ring of ice
 I - a +3 amulet of reflection (around neck)
Wands
 d - a wand of paralysis (9)
 B - a wand of digging (27)
Scrolls
 f - a scroll of vulnerability
 h - 3 scrolls of fear
 j - 7 scrolls of teleportation
 k - 7 scrolls of fog
 n - 3 scrolls of blinking
 t - a scroll of silence {!r}
 z - 5 scrolls of magic mapping
 D - a scroll of holy word {unknown}
 F - a scroll of identify
 H - 3 scrolls of immolation
Potions
 e - 8 potions of resistance
 g - a potion of agility
 l - a potion of invisibility
 m - 11 potions of curing
 s - 3 potions of haste
 u - 2 potions of magic
 x - 3 potions of might
 A - a potion of flight
 E - 3 potions of ambrosia
 J - a potion of cancellation
Books
 v - a book of Necromancy

   Spells                             Type                      Level
   a - Pain                           Necromancy                   1
   b - Animate Skeleton               Necromancy                   1
   c - Vampiric Draining              Necromancy                   3
   d - Regeneration                   Charms/Necromancy            3
   e - Animate Dead                   Necromancy                   4
   f - Borgnjor's Vile Clutch         Necromancy/Earth             5
Miscellaneous
 C - a fan of gales
 G - a phial of floods
Comestibles
 q - 20 rations


Message History

The wolf spider completely misses you. You block the redback's attack.
The jumping spider leaps! x2
You hit the wolf spider but do no damage.
The wolf spider is poisoned.
You kick the wolf spider.
The wolf spider is moderately wounded.
You block the wolf spider's attack. x2; The wolf spider hits you!
* * * LOW HITPOINT WARNING * * *
Your body deteriorates!
You feel weakened. The wolf spider misses you. The redback closely misses you.
The jumping spider leaps!
Okay, then.
Blink to where?
Press: ? - help, Dir - move target cursor, p - demonic crawler You are very lightly contaminated with residual magic.
As you read the scroll of blinking, it crumbles to dust.
The jumping spider leaps! x2
The jumping spider leaps!
Found a scorched tin ring.
The jumping spider pounces on you!
You die...

.#.....$...#........
...###ยค...........#
#..........#......#
..................# ####
..#.......#..>#.#.###=^}#
#.#.##.##.........###.[.#
.#.............$..###$^:+
.................^###^[^#
#............#.#@.###$^)+
...........#...s..###^?^#
#.......##.#...?..###$^=#
..........>.....# ##
.#.....#..#...#.# #...
......#..s######
.#........s.....###
....##....#........## #..
##.......s....s#


You could see an emperor scorpion, a wolf spider (berserk) and a jumping spider.

Vanquished Creatures
  A thorn hunter (Swamp:1)
  5 dire elephants
  Azrael (Spider:2)
  Snorg (Lair:3)
  An ettin (D:11)
  An anaconda (Lair:6)
  4 two-headed ogres
  16 hydras
  An alligator (shapeshifter) (Lair:3)
  4 alligators
  A deep troll earth mage (D:11)
  A death yak (Lair:5)
  7 swamp dragons
  An unseen horror (D:11)
  A spriggan druid (Swamp:3)
  3 lindwurms
  An orc knight (D:11)
  A necromancer (Swamp:3)
  A manticore (D:11)
  A deep elf mage (D:9)
  The ghost of horsey the Transmogrifier, a novice FoTm of Wu Jian (D:6)
  The ghost of AlmostDecent the Skirmisher, a novice OgFi (D:5)
  2 oklob plants
  2 salamanders (Volcano)
  A cyclops (D:11)
  24 elephants
  6 black mambas
  Joseph (D:9)
  2 gargoyles (D:11)
  2 centaur skeletons (D:11)
  19 spiny frogs
  A kobold demonologist (D:7)
  Psyche (D:8)
  2 demonic crawlers
  3 rime drakes (Lair:5)
  9 komodo dragons
  A queen bee (Lair:5)
  3 meliai
  5 tyrant leeches
  7 hornets
  A troll (D:7)
  Prince Ribbit (Lair:2)
  An alligator zombie (Swamp:3)
  A slime creature (Lair:6)
  11 blink frogs
  2 bog bodies
  4 hippogriffs
  A meliai zombie (D:11)
  A dream sheep (Lair:5)
  9 spriggans
  2 fire elementals (Spider:2)
  3 wyverns
  2 shadows (D:11)
  9 fire bats
  9 yaks
  5 basilisks
  23 vampire mosquitoes
  Eustachio (D:4)
  Grum (D:9)
  A spriggan skeleton (Swamp:3)
  17 swamp worms
  6 insubstantial wisps (Swamp:1)
  Edmund (D:4)
  10 water moccasins
  4 hell hounds
  An acid dragon (D:11)
  8 porcupines
  5 ice beasts
  8 swamp drakes
  2 sky beasts
  2 black bears
  4 orc warriors
  2 phantoms
  22 wolves
  The ghost of Zazen the Slasher, an amateur DsMo (D:3)
  6 ogres
  4 centaurs
  11 crocodiles
  A big kobold (D:7)
  14 bullfrogs
  A wyvern zombie (D:8)
  4 water moccasin zombies (Ossuary)
  5 scorpions
  34 killer bees
  5 wights (D:9)
  An electric eel (D:9)
  A howler monkey (D:9)
  3 lava snakes
  3 crimson imps
  A centaur zombie (D:9)
  A bullfrog zombie (D:7)
  A quasit (D:9)
  5 jellies
  2 hounds
  Crazy Yiuf (D:2)
  2 orc priests
  10 orc wizards
  3 bullfrog skeletons
  2 iguanas (D:5)
  Natasha (twice) (D:2)
  2 hell rats (Lair:4)
  11 worker ants
  A killer bee zombie (D:7)
  2 big kobold zombies (Ossuary)
  A hound zombie (D:8)
  A hound skeleton (D:11)
  2 mummies (Ossuary)
  2 worker ant zombies
  4 gnolls
  13 adders
  A swamp drake skeleton (Swamp:3)
  3 shadow imps
  2 oozes
  An adder zombie (Ossuary)
  3 adder skeletons
  7 worms
  2 dart slugs
  5 leopard geckos
  32 orcs
  6 bats
  9 giant cockroaches
  6 goblins
  2 hobgoblins (D:2)
  21 jackals
  9 kobolds
  4 quokkas
  A ball python (D:1)
  3 frilled lizards
  3 gnoll zombies (Ossuary)
  7 hobgoblin zombies (Ossuary)
  6 kobold zombies (Ossuary)
  3 orc zombies (Ossuary)
  A quokka skeleton (D:5)
  A quokka zombie (D:9)
  7 rats
  A fire vortex (D:8)
  5 plants
640 creatures vanquished.

Vanquished Creatures (collateral kills)
  A killer bee (Lair:5)
  A plant (Lair:3)
2 creatures vanquished.

Vanquished Creatures (others)
  A porcupine (Lair:3)
  A killer bee (Lair:5)
  A hobgoblin zombie (Ossuary)
  An orc zombie (Ossuary)
  2 briar patches (Swamp:4)
  3 fire vortices
  4 fungi
  A plant (Lair:6)
14 creatures vanquished.

Grand Total: 656 creatures vanquished

Notes
Turn   | Place    | Note
-------+----------+-------------------------------------------
     0 | D:1      | Homage the Spriggan Enchanter began the quest for the Orb.
     0 | D:1      | Reached XP level 1. HP: 9/9 MP: 5/5
    73 | D:1      | Reached skill level 5 in Stealth
   215 | D:1      | Reached XP level 2. HP: 10/13 MP: 6/6
   280 | D:1      | Learned a level 2 spell: Ensorcelled Hibernation
   826 | D:1      | Reached skill level 6 in Stealth
  1220 | D:1      | Reached XP level 3. HP: 16/16 MP: 8/8
  1705 | D:2      | Reached skill level 3 in Spellcasting
  1748 | D:2      | Found an iron altar of Okawaru.
  1868 | D:2      | Noticed Natasha
  1883 | D:2      | Killed Natasha
  1883 | D:2      | Reached XP level 4. HP: 17/21 MP: 4/11
  2145 | D:2      | Reached skill level 1 in Ice Magic
  2381 | D:2      | Noticed Natasha
  2401 | D:2      | Killed Natasha
  2519 | D:2      | Learned a level 3 spell: Confuse
  2896 | D:2      | Found a runed door.
  2922 | D:2      | Reached XP level 5. HP: 24/24 MP: 12/12
  3062 | D:2      | Noticed Crazy Yiuf
  3068 | D:2      | Killed Crazy Yiuf
  3223 | D:3      | Noticed Zazen's ghost (amateur DsMo)
  4043 | D:2      | Reached skill level 7 in Stealth
  4503 | D:3      | Killed Zazen's ghost
  4503 | D:3      | Reached skill level 8 in Stealth
  4503 | D:3      | Reached XP level 6. HP: 8/28 MP: 5/13
  4767 | D:4      | Noticed Eustachio
  4781 | D:4      | Killed Eustachio
  4832 | D:4      | Found an opulent altar of Gozag.
  4888 | D:4      | Found a shimmering altar of Xom.
  4964 | D:4      | Noticed Edmund
  4975 | D:4      | Killed Edmund
  4975 | D:4      | Reached skill level 6 in Dodging
  4975 | D:4      | Reached XP level 7. HP: 20/32 MP: 14/14
  5611 | D:2      | Became a worshipper of Warmaster Okawaru
  5702 | D:5      | Entered Level 5 of the Dungeon
  5718 | D:5      | Found a sand-covered staircase.
  5728 | Ossuary  | Entered an ossuary
  6291 | Ossuary  | Reached * piety under Okawaru
  6687 | Ossuary  | HP: 6/32 [poison (a needle trap)]
  6693 | Ossuary  | HP: 5/32 [poison (a needle trap)]
  6701 | Ossuary  | HP: 3/32 [poison (a needle trap)]
  7118 | D:5      | Reached skill level 6 in Spellcasting
  7126 | D:5      | Reached XP level 8. HP: 36/36 MP: 11/18
  7202 | D:5      | Found a snail-covered altar of Cheibriados.
  7205 | D:5      | Reached skill level 3 in Short Blades
  7320 | D:5      | Found a stormy altar of Qazlal.
  7985 | D:5      | Noticed AlmostDecent's ghost (novice OgFi)
  8034 | D:5      | Killed AlmostDecent's ghost
  8034 | D:5      | Reached ** piety under Okawaru
  8269 | D:5      | Found a shadowy altar of Dithmenos.
  8513 | D:5      | Reached XP level 9. HP: 39/39 MP: 17/20
  9122 | D:6      | Found a glowing silver altar of Zin.
  9179 | D:6      | Found a burning altar of Makhleb.
  9380 | D:6      | Found a white marble altar of Elyvilon.
  9484 | D:6      | Noticed horsey's ghost (novice FoTm)
  9523 | D:6      | Killed horsey's ghost
  9523 | D:6      | Reached *** piety under Okawaru
  9523 | D:6      | Reached skill level 9 in Hexes
  9631 | D:6      | Found a shimmering altar of Xom.
  9647 | D:6      | Found a staircase to the Ecumenical Temple.
  9661 | D:6      | Reached skill level 9 in Stealth
  9787 | Temple   | Entered the Ecumenical Temple
  9973 | D:7      | Reached skill level 10 in Stealth
 10327 | D:7      | Reached skill level 6 in Short Blades
 10559 | D:7      | Received a gift from Okawaru
 10595 | D:7      | Reached skill level 9 in Dodging
 10911 | D:7      | Noticed a kobold demonologist
 10919 | D:7      | Killed a kobold demonologist
 10919 | D:7      | Reached XP level 10. HP: 44/44 MP: 13/23
 10928 | D:7      | Reached **** piety under Okawaru
 11211 | D:8      | Found Osijais's Distillery.
 11227 | D:8      | Bought a potion of mutation for 112 gold pieces
 11227 | D:8      | Gained mutation: Your magical capacity is low. (-10% MP) [potion of mutation]
 11227 | D:8      | Gained mutation: Your system is resistant to poisons. (rPois) [potion of mutation]
 11313 | D:8      | Reached skill level 11 in Stealth
 11392 | D:8      | Reached skill level 12 in Stealth
 11496 | D:8      | HP: 6/44 [fire vortex (10)]
 12020 | D:8      | Noticed Psyche
 12025 | D:8      | Killed Psyche
 12293 | D:8      | Found Fast's Antique Armour Shoppe.
 12301 | D:8      | Bought a shiny buckler for 232 gold pieces
 12692 | D:8      | Reached skill level 1 in Shields
 13091 | D:9      | Noticed Grum
 13183 | D:9      | Reached ***** piety under Okawaru
 13186 | D:9      | Killed Grum
 13352 | D:9      | Found a staircase to the Orcish Mines.
 13383 | D:9      | Reached skill level 3 in Shields
 13384 | D:9      | Noticed a two-headed ogre
 13397 | D:9      | Killed a two-headed ogre
 14165 | D:10     | Entered Level 10 of the Dungeon
 14179 | D:10     | Noticed a two-headed ogre
 14187 | D:10     | Killed a two-headed ogre
 14187 | D:10     | Received a gift from Okawaru
 14187 | D:10     | Reached XP level 11. HP: 47/47 MP: 18/21
 14221 | D:10     | Reached skill level 6 in Slings
 14406 | D:10     | Noticed a two-headed ogre
 14419 | D:10     | Killed a two-headed ogre
 15049 | D:10     | Received a gift from Okawaru
 15049 | D:10     | Reached skill level 9 in Spellcasting
 15050 | D:10     | Got a fabulously ornate robe {god gift}
 15061 | D:10     | Identified the +1 robe of the Grue {rF+ rC+ MR- Dex+7} (Okawaru gifted it to you on level 10 of the Dungeon)
 15195 | D:9      | Noticed Joseph
 15529 | D:9      | Killed Joseph
 15578 | D:9      | Noticed a deep elf mage
 15598 | D:9      | Killed a deep elf mage
 15796 | D:9      | Found a hazy altar of Hepliaklqana.
 16312 | D:11     | Lost mutation: Your magical capacity is low. (-10% MP) [potion of mutation]
 16312 | D:11     | Lost mutation: Your system is resistant to poisons. (rPois) [potion of mutation]
 16312 | D:11     | Gained mutation: Armour fits poorly on your strangely shaped body. [potion of mutation]
 16312 | D:11     | Gained mutation: Your body sometimes deteriorates upon taking damage. [potion of mutation]
 16312 | D:11     | Gained mutation: You have large cloven feet. [potion of mutation]
 16357 | D:11     | Noticed an orc knight
 16361 | D:11     | Found a large runed door.
 16362 | D:11     | Found a large runed door.
 16363 | D:11     | Killed an orc knight
 16623 | D:11     | Reached skill level 13 in Stealth
 16809 | D:11     | Noticed an unseen horror
 16816 | D:11     | Killed an unseen horror
 16816 | D:11     | Reached skill level 14 in Stealth
 16961 | D:11     | Found a shimmering altar of Xom.
 16961 | D:11     | Noticed an ettin
 16992 | D:11     | Killed an ettin
 16992 | D:11     | Reached ****** piety under Okawaru
 17081 | D:11     | Found a radiant altar of Vehumet.
 17081 | D:11     | Noticed a deep troll earth mage
 17085 | D:11     | Killed a deep troll earth mage
 17085 | D:11     | Received a gift from Okawaru
 17085 | D:11     | Reached XP level 12. HP: 51/51 MP: 27/27
 17291 | D:11     | Found a staircase to the Lair.
 17493 | D:8      | Bought a slimy robe for 176 gold pieces
 17493 | D:8      | Identified the +1 robe "Aprepe Rute" {*Drain rElec Regen+ Stlth+} (You bought it in a shop on level 8 of the Dungeon)
 17778 | Orc:1    | Entered Level 1 of the Orcish Mines
 17795 | Orc:1    | Reached skill level 9 in Slings
 17796 | Orc:1    | Found a dark tunnel.
 17908 | Volcano  | Entered a volcano
 17951 | Volcano  | Noticed a two-headed ogre
 17955 | Volcano  | Killed a two-headed ogre
 17961 | Volcano  | HP: 10/51 [salamander/halberd (5)]
 18071 | Volcano  | Received a gift from Okawaru
 18071 | Volcano  | Reached skill level 3 in Armour
 18521 | D:8      | Bought an ominously black robe for 176 gold pieces
 18521 | D:8      | Identified the cursed +1 robe "Ecuem" {rF- rC+ MR+} (You bought it in a shop on level 8 of the Dungeon)
 18859 | Lair:1   | Entered Level 1 of the Lair of Beasts
 19066 | Lair:1   | You fall through a shaft!
 19074 | Lair:2   | Found a hole to the Spider Nest.
 19081 | Lair:2   | Lost mutation: Armour fits poorly on your strangely shaped body. [potion of mutation]
 19081 | Lair:2   | Lost mutation: Your body sometimes deteriorates upon taking damage. [potion of mutation]
 19081 | Lair:2   | Gained mutation: Your movements are slightly less encumbered by armour. (ER -2) [potion of mutation]
 19081 | Lair:2   | Gained mutation: You have a somewhat thin skeletal structure. (Dex +2, Stealth) [potion of mutation]
 19081 | Lair:2   | Gained mutation: Your body sometimes deteriorates upon taking damage. [potion of mutation]
 19081 | Lair:2   | Gained mutation: You evolve. [potion of mutation]
 19335 | Lair:2   | Noticed Prince Ribbit
 19351 | Lair:2   | HP: 9/51 [blink frog[Prince Ribbit] (15)]
 19783 | Lair:2   | Received a gift from Okawaru
 19787 | Lair:2   | Killed Prince Ribbit
 19972 | Lair:2   | Got an ichor-stained buckler
 19977 | Lair:2   | Identified the +0 buckler "Gudwa" {rElec rPois rF+ Stlth-} (You found it on level 2 of the Lair of Beasts)
 21369 | Lair:2   | You fall through a shaft!
 21449 | Lair:3   | Learned a level 4 spell: Cause Fear
 21455 | Lair:3   | Learned a level 5 spell: Silence
 21613 | Lair:3   | Received a gift from Okawaru
 21613 | Lair:3   | Reached skill level 15 in Stealth
 21704 | Lair:3   | Noticed Snorg
 21710 | Lair:3   | Killed Snorg
 21710 | Lair:3   | Reached XP level 13. HP: 45/55 MP: 23/28
 21885 | Lair:3   | Reached skill level 16 in Stealth
 21891 | Lair:3   | Got a polished mace
 21894 | Lair:3   | Identified the +1 mace of the Lame Duck {crush, *Rage Int+7} (You found it on level 3 of the Lair of Beasts)
 22803 | Lair:1   | Gained mutation: Your muscles are strong. (Str +2) [evolution]
 23057 | Lair:3   | Reached skill level 12 in Dodging
 24120 | Lair:4   | Found a staircase to the Swamp.
 24537 | Lair:4   | Reached skill level 1 in Air Magic
 24709 | Lair:4   | Received a gift from Okawaru
 25102 | Lair:5   | Received a gift from Okawaru
 25605 | Lair:5   | Reached skill level 12 in Spellcasting
 26135 | Lair:5   | Gained mutation: You are partially covered in molten scales. (AC +2) [evolution]
 26640 | Lair:5   | Received a gift from Okawaru
 26979 | Lair:5   | Received a gift from Okawaru
 27003 | Lair:5   | HP: 3/55 [spiny frog (32)]
 27538 | Lair:5   | Reached XP level 14. HP: 59/59 MP: 31/31
 27550 | Lair:5   | Received a gift from Okawaru
 27922 | Lair:6   | Entered Level 6 of the Lair of Beasts
 27938 | Lair:5   | Reached skill level 12 in Slings
 28562 | Lair:6   | Found a staircase to the Slime Pits.
 28811 | Slime:1  | Entered Level 1 of the Pits of Slime
 28811 | Slime:1  | Noticed an acid blob
 29609 | Lair:6   | Identified Peluluza's Guide on Dislocation and Lightness
 29613 | Lair:6   | Got a slimy shortbow
 29614 | Lair:6   | Identified the +8 shortbow "Bux Hafo" {velocity, rF+ MR+ Int+4 SInv} (You found it on level 6 of the Lair of Beasts)
 30897 | Lair:6   | Received a gift from Okawaru
 30898 | Lair:6   | Got a crystal fustibalus {god gift}
 30899 | Lair:6   | Identified the +1 fustibalus "Qirylagh" {velocity, MR+} (Okawaru gifted it to you on level 6 of the Lair of Beasts)
 31143 | Lair:6   | Reached skill level 9 in Short Blades
 32018 | Swamp:1  | Entered Level 1 of the Swamp
 32098 | Swamp:1  | Noticed a thorn hunter
 32105 | Swamp:1  | Killed a thorn hunter
 32877 | Lair:4   | Received a gift from Okawaru
 33271 | Swamp:1  | You fall through a shaft!
 34189 | Swamp:2  | Reached skill level 1 in Fighting
 34195 | Swamp:2  | HP: 11/61 [spriggan rider/spear (6)]
 34514 | Swamp:2  | Gained mutation: Your flesh is heat resistant. (rF+) [evolution]
 34713 | Swamp:2  | Reached skill level 3 in Fighting
 34713 | Swamp:2  | Reached XP level 15. HP: 68/68 MP: 29/32
 35025 | Swamp:3  | Got a translucent rapier
 35026 | Swamp:3  | Identified the cursed +2 rapier "Notaov" {pierce, rN++} (You found it on level 3 of the Swamp)
 35588 | Swamp:3  | Reached skill level 6 in Shields
 35873 | Swamp:4  | Entered Level 4 of the Swamp
 36066 | Swamp:4  | Noticed a thorn hunter
 36312 | Swamp:4  | Received a gift from Okawaru
 36757 | Swamp:4  | Noticed a thorn hunter
 36760 | Swamp:3  | Received a gift from Okawaru
 37425 | Swamp:4  | Received a gift from Okawaru
 37469 | Swamp:4  | HP: 11/68 [spiny frog (6)]
 37518 | Swamp:4  | Reached skill level 6 in Armour
 38325 | Spider:1 | Entered Level 1 of the Spider Nest
 38357 | Spider:1 | Found a transporter.
 38368 | Spider:1 | Learned a level 3 spell: Regeneration
 38372 | Spider:1 | Learned a level 3 spell: Vampiric Draining
 38386 | Spider:1 | You fall through a shaft!
 38389 | Spider:2 | Noticed Azrael
 38398 | Spider:2 | Killed Azrael
 38504 | Spider:1 | Found a transporter.
 38526 | Spider:1 | HP: 2/69 [wolf spider (12)]
 38532 | Spider:1 | Mangled by a jumping spider

Vault maps used:
D:1:      nagdon_arrival_double_spiral, serial_co_window_serial,
          co_window_corner_a, co_window_paths_a, co_window_paths_b,
          co_window_corner_a, co_window_of_opportunity_a, co_window_corner_cb,
          co_window_broadway_b, co_window_broadway_b, co_window_2corner,
          co_window_corner_b, co_window_corner_ca, glass_columns_b,
          glass_columns_c, glass_columns_a, glass_columns_a, glass_columns_a
D:2:      marbit_many_paths, uniq_natasha, uniq_crazy_yiuf_cottage
D:3:      hangedman_glass_teeth
D:4:      lemuel_crystal_altar, grunt_gozag_breadcrumbs, uniq_eustachio,
          uniq_edmund
D:5:      kennysheep_mini_moat, cheibriados_altar_1,
          nicolae_ossuary_entry_ruins, portal_sewer_entry_d, first_ration,
          nicolae_qazlal_general_emergency
D:6:      lightli_temple_of_fire, zin_scriptorium, elyvilon_altar_3,
          temple_fountains, basic_altar
D:7:      minmay_cornered_nines
D:8:      serial_shops, nicolae_shop_statue_plus, nicolae_shop_stone,
          the_bakery, hangedman_incinerator, uniq_psyche
D:9:      lemuel_doored_altar, kennysheep_mini, orc_0_dummy, fountainhead,
          minmay_bent, uniq_joseph, uniq_grum
D:10:     grunt_ministairs_1
D:11:     erik_lair_dragon, jmf_multi_god_temple2
Temple:   nicolae_temple_no_exploring_needed
Lair:1:   st_stairs_13, serial_bayou_shore_b, grunt_megastairs_5
Lair:2:   dummy_spider_entry, uniq_prince_ribbit2
Lair:3:   minmay_lair_oklob_items, serial_bayou_shore_b, lemuel_fruit_tree,
          uniq_snorg
Lair:4:   swamp_mist, grunt_megastairs_4
Lair:5:   regret_index_combs_of_tragedy, nzn_random_ring
Lair:6:   due_jungle_book, minmay_slime_entry_pillars
Swamp:1:  nicolae_swamp_feature_on_the_river_bank, infiniplex_staircase_pool
Swamp:2:  nicolae_swamp_triple_paths
Swamp:3:  serial_swamp_ruin, evilmike_swamp_ruin_rubble_2,
          evilmike_swamp_ruin_house_5, grunt_hermit_hut
Swamp:4:  swamp_alternative, infiniplex_staircase_pool_2
Spider:1: gammafunk_its_a_trap, spider_trap
Spider:2: uniq_arachne, uniq_azrael, uniq_agnes
Orc:1:    cheibrodos_orc_guarddog, enter_volcano_3
Ossuary:  ossuary_tomb_2
Volcano:  volcano_village

Action                   |  1- 3 |  4- 6 |  7- 9 | 10-12 | 13-15 || total
-------------------------+-------+-------+-------+-------+-------++-------
Melee: Dagger            |    97 |   148 |   274 |   360 |   659 ||  1538
       Rapier            |       |       |    97 |    82 |   204 ||   383
       Kick              |       |       |       |    40 |   246 ||   286
 Fire: Fustibalus        |       |       |       |    80 |   388 ||   468
Throw: Tomahawk          |       |       |       |    12 |       ||    12
 Cast: Ensorcelled Hiber |     2 |    56 |    63 |   201 |   318 ||   640
       Confuse           |       |     8 |    52 |    39 |    57 ||   156
       Cause Fear        |       |       |       |       |     5 ||     5
Invok: Heroism           |       |       |       |       |     4 ||     4
Evoke: Wand              |       |       |       |       |     1 ||     1
       Fan of gales      |       |       |       |       |     1 ||     1
       Phial of floods   |       |       |       |       |     1 ||     1
  Use: Potion            |     1 |     2 |     5 |     7 |     5 ||    20
       Scroll            |     4 |     6 |     6 |    11 |    18 ||    45
 Stab: Sleeping          |    16 |    37 |    63 |   143 |   183 ||   442
       Distracted        |     3 |     2 |       |     1 |     4 ||    10
       Confused          |       |     3 |    22 |    16 |    34 ||    75
       Paralysed         |       |       |       |     1 |     5 ||     6
       Petrifying        |       |       |       |     1 |     1 ||     2
  Eat: Ration            |       |     3 |     4 |     5 |     8 ||    20
Armor: Robe              |     9 |    18 |    39 |    17 |       ||    83
       Acid dragon scale |       |       |       |    14 |   143 ||   157
Dodge: Dodged            |   110 |   127 |   325 |   303 |   938 ||  1803
Block: Buckler           |       |       |       |   128 |   688 ||   816
       Reflection        |       |       |       |     1 |     2 ||     3
